 Dungeon Crawl Stone Soup version 0.30.1-1-g62c8e00024 (webtiles) character file.

Game seed: 8262103799932620502

25 spardeous the Digger (level 2, -1/20 HPs)
             Began as a Minotaur Earth Elementalist on July 18, 2023.
             Slain by an adder (2 damage)
             ... on level 2 of the Dungeon.
             The game lasted 00:00:59 (641 turns).

spardeous the Digger (Minotaur Earth Elementalist)   Turns: 641, Time: 00:01:00

Health: -1/20      AC:  2    Str: 12    XL:     2   Next: 82%
Magic:  2/3        EV: 12    Int: 12    God:
Gold:   34         SH:  0    Dex: 10    Spells: 2/3 levels left

rFire   . . .        (no weapon)
rCold   . . .        (no shield)
rNeg    . . .        a - +0 robe
rPois   .            (helmet restricted)
rElec   .            (no cloak)
rCorr   .            (no gloves)
SInv    .            (no boots)
Will    .....        (no amulet)
Stlth   ++           (no ring)
HPRegen 0.23/turn    (no ring)
MPRegen 0.08/turn

%: no passive effects
@: lethally poisoned (-1 -> -7)
A: horns 2, retaliatory headbutt
a: no special abilities


You were on level 2 of the Dungeon.
You visited 1 branch of the dungeon, and saw 2 of its levels.

You collected 34 gold pieces.

Inventory:

Armour
 a - a +0 robe (worn)
Scrolls
 c - a scroll of amnesia {unknown}
 d - a scroll of identify {unknown}
 e - a scroll of fog {unknown}
 f - a scroll of vulnerability {unknown}
Potions
 b - 2 potions of magic
 g - a potion of curing {unknown}


   Skills:
 - Level 2.1 Dodging
 - Level 1.5 Stealth
 - Level 1.3 Spellcasting
 - Level 0.7 Transmutations
 + Level 3.4 Earth Magic


You had 2 spell levels left.
You knew the following spells:

 Your Spells              Type           Power      Damage    Failure   Level
a - Sandblast             Erth           18%        2d7       7%          1

Your spell library contained the following spells:

 Spells                   Type           Power      Damage    Failure   Level
 Passwall                 Tmut/Erth      4%         N/A       19%         2
 Stone Arrow              Conj/Erth      8%         3d7       41%         3
 Petrify                  Tmut/Erth      5%         N/A       77%         4


Dungeon Overview and Level Annotations

Branches:
Dungeon (2/15)

Altars:


Innate Abilities, Weirdness & Mutations

You have a pair of horns on your head.
You reflexively headbutt those who attack you in melee.


Message History

A worm comes into view.
A worm is nearby!
A worm is nearby!
A worm is nearby!
An adder comes into view.
The adder hisses angrily.
The helpless worm fails to defend itself.
You hit the worm. Your headbutt misses the worm.
The worm is lightly wounded.
The worm bites you!
You hit the worm. You headbutt the worm.
The worm is lightly wounded.
The worm barely misses you. You furiously retaliate!
You headbutt the worm.
Casting: Sandblast (safe; 7% risk of failure)
Confirm with . or Enter, or press ? or * to list all spells.
Aiming: Sandblast (safe; 7% risk of failure)
Press: ? - help, Shift-Dir - straight line, f - adder
Aim: an adder (68% to hit)
The blast of sand misses the adder.
The blast of sand hits the worm!
The worm is severely wounded.
The adder bites you but does no damage. The adder bites you.
Unknown command.
You closely miss the adder. Your headbutt misses the adder.
The adder bites you.
You are poisoned.
The adder poisons you!
You are too injured to fight recklessly!
You feel sick. The adder closely misses you.
You hit the adder. Your headbutt misses the adder.
The adder is lightly wounded.
You feel sick. The adder bites you.
* * * LOW HITPOINT WARNING * * *
You are more poisoned.
The adder poisons you!
You miss the adder.
The adder is lightly wounded.
* * * LOW HITPOINT WARNING * * *
You feel very sick. The adder bites you.
You die...

..##..............
..##..............
..##..............
..''..............
..##..............
..#...........)...
#.#.#.............
#.#.#.....<#################
#.#.+......'....@Sw.........
#.###).....########.........
#.# #......# +.........
#......# #......... #......#
.......... ........#
#.......... ..#######
#.......... #..........


You could see a worm and an adder.

Vanquished Creatures
  An adder (D:2)
  A worm (D:2)
  A bat (D:2)
  3 endoplasms
  A goblin (D:1)
  3 ball pythons
  2 frilled lizards (D:1)
  3 kobolds (D:1)
15 creatures vanquished.

Notes
Turn   | Place    | Note
-------+----------+-------------------------------------------
     0 | D:1      | spardeous the Minotaur Earth Elementalist began the quest
                  | for the Orb.
     0 | D:1      | Reached XP level 1. HP: 14/14 MP: 1/1
   411 | D:1      | Reached XP level 2. HP: 20/20 MP: 0/3
   464 | D:2      | Reached skill level 3 in Earth Magic
   641 | D:2      | HP: 1/20 [poisoned by an adder]
   641 | D:2      | Slain by an adder

Illustrated notes

Levels and vault maps discovered:
D:1:      mrwooster_arrival_statue_3, layout_basic, minmay_distorted
D:2:      layout_basic

Skill      XL: |  1  2 |
---------------+-------+-----
Earth Magic    | 3 |  3.4
Dodging        | |  2.1
Stealth        | |  1.5
Spellcasting   | |  1.3
Transmutations | |  0.7

Action                     || total
---------------------------++-------
  Melee: Unarmed           ||    23
         Headbutt          ||     4
   Cast: Sandblast         ||    13
   Stab: Sleeping          ||     2
 Armour: Robe              ||     5
  Dodge: Dodged            ||    10
